 Dungeon Crawl Stone Soup version 0.29.1-1-gd02db6906a (webtiles) character file.

Game seed: 643813824192034586

351 MisterFreud the Twirler (level 6, -6/39 (44) HPs)
             Began as a Formicid Gladiator on Sept 24, 2022.
             Mangled by an iguana (11 damage)
             ... on level 3 of the Dungeon.
             The game lasted 00:03:15 (2541 turns).

MisterFreud the Twirler (Formicid Gladiator)        Turns: 2541, Time: 00:03:15

HP:   -6/39 (44)    AC:  3    Str: 21    XL:     6   Next: 93%
MP:   6/6           EV: 12    Int:  7    God:
Gold: 129           SH:  0    Dex: 15    Spells: 5/5 levels left

rFire   . . .      SeeInvis +   a - +0 quarterstaff
rCold   . . .      Faith    .   (no shield)
rNeg    + . .      Spirit   .   b - +0 leather armour
rPois   +          Reflect  .   (helmet unavailable)
rElec   .          Harm     .   (no cloak)
rCorr   .          Rampage  .   (no gloves)
Will    .....                   (no boots)
Stlth   +.........              (no amulet)
HPRegen 0.13/turn               j - ring of poison resistance
MPRegen 0.10/turn               r - ring of positive energy

@: attractive, flying, heavily drained
A: permanent stasis, dig shafts and tunnels, antennae 3, four strong arms
a: Dig, Shaft Self


You were on level 3 of the Dungeon.
You visited 1 branch of the dungeon, and saw 6 of its levels.

You collected 129 gold pieces.

Inventory:

Hand Weapons
 a - a +0 quarterstaff (weapon)
 p - a +1 flail of pain
Missiles
 c - 3 throwing nets (quivered)
 d - a javelin
 o - 3 boomerangs
Armour
 b - a +0 leather armour (worn)
Jewellery
 j - a ring of poison resistance (left hand)
 r - a ring of positive energy (right hand)
Scrolls
 h - a scroll of acquirement {unknown}
 k - 2 scrolls of fear
 s - 3 scrolls of summoning {unknown}
Potions
 e - a potion of curing
 g - a potion of mutation {unknown}
 i - a potion of flight
 l - a potion of might {unknown}
 m - a potion of berserk rage {unknown}
 n - a potion of heal wounds {unknown}
 q - 2 potions of attraction


   Skills:
 - Level 2.1 Fighting
 + Level 7.2 Staves
 - Level 2.0 Throwing
 - Level 2.6 Dodging


You had 5 spell levels left.
You didn't know any spells.
Your spell library was empty.

Dungeon Overview and Level Annotations

Branches:
Dungeon (6/15)
 Temple: D:4-7

Altars:
The Shining One


Innate Abilities, Weirdness & Mutations

You cannot be hasted, slowed, berserked, paralysed or teleported.
You can dig through walls and to a lower floor.
You have a pair of large antennae on your head. (SInv)
Your four strong arms can wield two-handed weapons with a shield.


Message History

You are too confused!
You bump into the rock wall.
You feel less invigorated.
You feel less confused. The gnoll barely misses you.
You hit the gnoll.
The gnoll is moderately wounded.
The gnoll hits you with a +0 flail!
You thump the gnoll!
You kill the gnoll!
The kobold is attracted toward you.
Okay, then.
Unknown command.
Unknown command.
Unknown command.
Unknown command.
You hit the iguana.
The iguana is moderately wounded.
The iguana closely misses you.
You hit the iguana. You punch the iguana.
The iguana is heavily wounded.
The iguana closely misses you.
You closely miss the iguana.
The iguana is heavily wounded.
The iguana barely misses you.
You barely miss the iguana.
The iguana is heavily wounded.
You hit the iguana.
The iguana is severely wounded.
The iguana barely misses you.
You hit the iguana.
The iguana is almost dead.
The iguana barely misses you.
You hit the iguana but do no damage.
The iguana is almost dead.
The iguana bites you!
* * * LOW HITPOINT WARNING * * *
You barely miss the iguana.
The iguana is almost dead.
The iguana bites you!
You die...

............
#...........
#....:§...#
#l#....§...
...####.##l...#
#.....>†gg{.#
#.#######K###
##l## ##@# ###


You could see an iguana, 2 goblins and a kobold.

Vanquished Creatures
  Menkaure (D:5)
  A water moccasin zombie (D:5)
  A hound (D:5)
  A hound zombie (D:5)
  5 gnolls
  2 adders (D:5)
  A shadow imp (D:5)
  A white imp (D:5)
  A worm (D:5)
  3 dart slugs
  2 orcs (D:5)
  An endoplasm (D:1)
  2 giant cockroaches
  3 goblins
  4 hobgoblins
  7 jackals
  2 kobolds
  3 quokkas (D:1)
  2 ball pythons (D:1)
  2 bats (D:1)
  A frilled lizard (D:1)
  2 rats (D:2)
48 creatures vanquished.

Notes
Turn   | Place    | Note
-------+----------+-------------------------------------------
     0 | D:1      | MisterFreud the Formicid Gladiator began the quest for the
                  | Orb.
     0 | D:1      | Reached XP level 1. HP: 16/16 MP: 1/1
   108 | D:1      | Reached XP level 2. HP: 22/22 MP: 2/2
   132 | D:1      | Reached skill level 4 in Staves
   132 | D:1      | Reached XP level 3. HP: 20/27 MP: 3/3
  1234 | D:2      | Reached XP level 4. HP: 30/33 MP: 4/4
  1457 | D:2      | Found a faded altar of an unknown god.
  1481 | D:2      | You fall into a shaft and drop 2 floors!
  1500 | D:5      | Entered Level 5 of the Dungeon
  1615 | D:5      | Noticed Menkaure
  1631 | D:5      | Killed Menkaure
  1632 | D:5      | Reached skill level 6 in Staves
  1632 | D:5      | Reached XP level 5. HP: 4/38 MP: 5/5
  1632 | D:5      | Reached XP level 6. HP: 5/44 MP: 6/6
  1912 | D:5      | Found a glowing golden altar of the Shining One.
  2488 | D:5      | Reached skill level 7 in Staves
  2514 | D:3      | HP: 1/44 [gnoll/+0 flail (3)]
  2541 | D:3      | Mangled by an iguana

Illustrated notes

Levels and vault maps discovered:
D:1:      saegor_arrival_simple_c, layout_basic
D:2:      layout_loops_ring, ebering_ecumenical_altar_rust, basic_altar
D:3:      layout_basic, nicolae_ru_great_annihilating_truth, uniq_jessica,
          uniq_terence
D:4:      layout_cave_pools, serial_forest, infiniplex_forest_clump_double,
          infiniplex_forest_straight_4, infiniplex_forest_straight_4,
          infiniplex_forest_straight_4, infiniplex_forest_straight_5,
          infiniplex_forest_end_3, infiniplex_forest_clump_small,
          infiniplex_forest_clump_small, uniq_crazy_yiuf_cottage
D:5:      layout_loops_ring, lemuel_zombie_altar_yredelemnul,
          mainiacjoe_overflow_small_starburst, serial_glass, glass_columns_a,
          glass_columns_a, uniq_menkaure
D:6:      layout_rooms, nemelex_altar_shiori, kennysheep_mini,
          mainiacjoe_overflow_alcove_1, temple_pool_b

Skill      XL: |  1  2  3  4  5  6 |
---------------+-------------------+-----
Staves         | 4 6 7 |  7.2
Fighting       | |  2.1
Throwing       | |  2.0
Dodging        | |  2.6

Action                   |  1- 3 |  4- 6 || total
-------------------------+-------+-------++-------
Melee: Quarterstaff      |    79 |    82 ||   161
       Punch             |       |     2 ||     2
 Abil: Dig               |       |     1 ||     1
  Use: Scroll            |       |     6 ||     6
       Potion            |       |     4 ||     4
 Stab: Sleeping          |       |     1 ||     1
Armor: Leather armour    |    15 |    16 ||    31
Dodge: Dodged            |    61 |    62 ||   123
